 Dungeon Crawl Stone Soup version 0.27.1-3-gb3d3a73c9e (webtiles) character file.

Game seed: 8829826479510699013

70 Gabide the Charlatan (level 4, 0/32 HPs)
             Began as a Human Artificer on Oct 29, 2021.
             Was a Follower of the Shining One.
             Slain by a phantom (8 damage)
             ... on level 3 of the Dungeon.
             The game lasted 00:03:28 (3363 turns).

Gabide the Charlatan (Human Artificer)              Turns: 3363, Time: 00:03:29

Health: 0/32       AC:  3    Str: 13    XL:     4   Next: 45%
Magic:  4/4        EV: 11    Int: 11    God:    the Shining One [*.....]
Gold:   63         SH:  0    Dex: 14    Spells: 3/3 levels left

rFire    . . .     SeeInvis .   a - +0 club
rCold    . . .     Faith    .   (no shield)
rNeg     . . .     Spirit   .   b - +0 leather armour
rPois    .         Reflect  .   (no helmet)
rElec    .         Harm     .   (no cloak)
rCorr    .         Rampage  .   (no gloves)
Will     .....                  (no boots)
Stlth    +.........             (no amulet)
HPRegen  0.10/turn              (no ring)
MPRegen  0.09/turn              (no ring)

@: glowing
A: no striking features
a: Renounce Religion


You were on level 3 of the Dungeon.
You worshipped the Shining One.
The Shining One was aware of your devotion.
You visited 1 branch of the dungeon, and saw 3 of its levels.

You collected 63 gold pieces.

Inventory:

Hand Weapons
 a - a +0 club (weapon)
 h - a +0 dagger of venom
Armour
 b - a +0 leather armour (worn)
Magical Staves
 c - a staff of poison
Wands
 d - a wand of charming (15)
Scrolls
 f - a scroll of identify
Miscellaneous
 e - a piece from Xom's chessboard (8/15) (quivered)


   Skills:
 + Level 1.4 Fighting
 * Level 2.3 Maces & Flails
 + Level 2.4 Armour
 + Level 1.5 Dodging
 + Level 1.2 Stealth
 + Level 3.3 Evocations


You had 3 spell levels left.
You didn't know any spells.
Your spell library was empty.

Dungeon Overview and Level Annotations

Branches:
Dungeon (3/15)

Altars:
Okawaru
The Shining One


Message History

The phantom is heavily damaged.
The phantom barely misses you.
You're too confused to move!
You're too confused to move!
The phantom hits you!
You bump into the rock wall.
You hit the phantom but do no damage.
The phantom is heavily damaged.
You feel less invigorated.
You feel less confused. The phantom hits you.
The phantom blinks!
You blink.
You hit the phantom but do no damage.
The phantom is heavily damaged.
The phantom closely misses you.
You hit the phantom but do no damage.
The phantom is heavily damaged.
You barely miss the phantom.
The phantom is heavily damaged.
The phantom hits you.
The phantom blinks!
You blink.
You hit the phantom.
The phantom is heavily damaged.
The phantom hits you.
You hit the phantom but do no damage.
The phantom is heavily damaged.
Okay, then.
Non-targeted evoke: piece from Xom's chessboard (10/15)
Press: ? - help, Q - select action, (/) - cycle Dir - look around, f - activate You make a move on Xom's chessboard...
The phantom resists with some effort.
The phantom closely misses you.
You hit the phantom.
The phantom is severely damaged.
The phantom hits you!
* * * LOW HITPOINT WARNING * * *
The phantom blinks!
You blink.
Non-targeted evoke: piece from Xom's chessboard (9/15)
Press: ? - help, Q - select action, (/) - cycle Dir - look around, f - activate You make a move on Xom's chessboard...
The phantom appears confused.
You hit the phantom.
The phantom is severely damaged.
The phantom hits you!
You die...

##################
#.................
#.################
#.# #.# #W# #@#
#.# #.# ######.#
#<.....# ########


You could see a phantom (confused, slow).

Vanquished Creatures
  A gnoll (D:1)
  An adder (D:2)
  4 ball pythons
  4 bats (D:2)
  6 endoplasms
  2 giant cockroaches (D:1)
  4 goblins
  6 hobgoblins
  8 jackals
  3 frilled lizards
  A kobold (D:1)
  3 rats (D:1)
  A spectral goblin (D:1)
44 creatures vanquished.

Notes
Turn   | Place    | Note
-------+----------+-------------------------------------------
     0 | D:1      | Gabide the Human Artificer began the quest for the Orb.
     0 | D:1      | Reached XP level 1. HP: 15/15 MP: 1/1
   482 | D:1      | Reached XP level 2. HP: 17/21 MP: 2/2
   496 | D:1      | Reached skill level 1 in Maces & Flails
  1102 | D:1      | Reached XP level 3. HP: 26/26 MP: 3/3
  1485 | D:1      | Found a faded altar of an unknown god.
  1588 | D:1      | Became a worshipper of the Shining One
  1588 | D:1      | Reached * piety under the Shining One
  1785 | D:2      | Found an iron altar of Okawaru.
  1937 | D:2      | Reached XP level 4. HP: 30/32 MP: 4/4
  3320 | D:3      | Noticed a phantom
  3363 | D:3      | Slain by a phantom

Illustrated notes

Levels and vault maps discovered:
D:1:      dpeg_arrival_three_same_balls, layout_basic,
          dreamdust_ecumenical_altar_drowned_temple, hangedman_glass_teeth,
          minmay_misc_feat_secret_circle, minmay_pentomino_p2
D:2:      layout_basic, basic_altar
D:3:      layout_basic, mainiacjoe_overflow_boulevard, hangedman_decor_riveting

Skill      XL: |  1  2  3 |
---------------+----------+-----
Maces & Flails | 1 2 |  2.3
Fighting       | |  1.4
Armour         | |  2.4
Dodging        | |  1.5
Stealth        | |  1.2
Evocations     | |  3.3

Action                   |  1- 3 |  4- 6 || total
-------------------------+-------+-------++-------
Melee: Club              |   111 |   111 ||   222
Evoke: Wand              |    13 |     2 ||    15
       Piece from Xom's  |       |     7 ||     7
  Use: Scroll            |     1 |     1 ||     2
       Potion            |       |     1 ||     1
 Stab: Sleeping          |     1 |       ||     1
Armor: Leather armour    |    42 |    41 ||    83
Dodge: Dodged            |    74 |    76 ||   150
